 Dungeon Crawl Stone Soup version 0.27.1-33-g824d729ab1 (webtiles) character file.

Game seed: 18416628741454832434

121 safid the Chopper (level 5, -2/45 HPs)
             Began as a Hill Orc Fighter on Dec 7, 2021.
             Slain by Ijyb (4 damage)
             ... on level 3 of the Dungeon.
             The game lasted 00:04:49 (2658 turns).

safid the Chopper (Hill Orc Fighter)                Turns: 2658, Time: 00:04:50

Health: -2/45      AC:  8    Str: 20    XL:     5   Next: 5%
Magic:  4/5        EV:  8    Int:  8    God:
Gold:   119        SH:  9    Dex: 10    Spells: 4/4 levels left

rFire    . . .     SeeInvis .   a - +0 war axe
rCold    . . .     Faith    .   c - +0 kite shield
rNeg     . . .     Spirit   .   n - +0 ring mail {Will+}
rPois    .         Reflect  .   b - +0 helmet
rElec    .         Harm     .   (no cloak)
rCorr    .         Rampage  .   (no gloves)
Will     +....                  q - +0 pair of boots
Stlth    ..........             (no amulet)
HPRegen  0.15/turn              (no ring)
MPRegen  0.09/turn              (no ring)

@: no status effects
A: no striking features
a: no special abilities


You were on level 3 of the Dungeon.
You visited 1 branch of the dungeon, and saw 3 of its levels.

You collected 119 gold pieces.

Inventory:

Hand Weapons
 a - a +0 war axe (weapon)
Armour
 b - a +0 helmet (worn)
 c - a +0 kite shield (worn)
 g - a +0 tower shield
 n - a +0 ring mail of willpower (worn)
 q - a +0 pair of boots (worn)
Scrolls
 e - 4 scrolls of identify {unknown}
 f - a scroll of vulnerability {unknown}
 l - 2 scrolls of immolation {unknown}
 p - a scroll of noise {unknown}
Potions
 h - a potion of curing {unknown}
 i - a potion of lignification {unknown}
 j - 2 potions of attraction {unknown}
 k - a potion of degeneration {unknown}
 m - a potion of resistance {unknown}
 o - a potion of brilliance {unknown}


   Skills:
 - Level 3.6 Fighting
 + Level 5.1 Axes
 - Level 3.2 Armour
 + Level 4.9 Shields


You had 4 spell levels left.
You didn't know any spells.
Your spell library contained the following spells:

 Spells                   Type           Power      Damage    Failure   Level
 Chain Lightning          Conj/Air       0%         N/A       100%        9
 Fire Storm               Conj/Fire      0%         5d1       100%        9


Dungeon Overview and Level Annotations

Branches:
Dungeon (3/15)

Altars:
Kikubaaqudgha

Annotations:
D:3 Ijyb


Message History

Ijyb hits you with a +1 antimagic dagger.
Unknown command.
You completely miss Ijyb.
Ijyb is lightly wounded.
Ijyb zaps a wand.
The puff of flame hits you.
* * * LOW HITPOINT WARNING * * *
Unknown command.
You slash Ijyb!
Ijyb is severely wounded.
You block Ijyb's attack. x2
Unknown command.
You barely miss Ijyb.
Ijyb is severely wounded.
Ijyb hits you with a +1 antimagic dagger.
* * * LOW HITPOINT WARNING * * *
You feel your power leaking away.
Unknown command.
You closely miss Ijyb.
Ijyb is severely wounded.
You block Ijyb's attack.
Ijyb zaps a wand.
The puff of flame hits you but does no damage.
Unknown command.
You closely miss Ijyb.
Ijyb is severely wounded.
Ijyb screams, "I dance on your bones!"
Ijyb zaps a wand.
The puff of flame hits you.
* * * LOW HITPOINT WARNING * * *
Unknown command.
You hit Ijyb.
Ijyb is almost dead.
You block Ijyb's attack.
Ijyb zaps a wand.
You block the puff of flame.
Unknown command.
You hit Ijyb but do no damage.
Ijyb is almost dead.
Ijyb barely misses you.
Unknown command.
You hit Ijyb but do no damage.
Ijyb is almost dead.
Ijyb hits you with a +1 antimagic dagger.
You die...

.# #.# ... .. ###.# #.#
.#.##.# #.# #... #.# ###
#.###.#.##.##...## ######
........#...#.....
#....#######.#.#.#.....†...##
#...........g...####...#...#
#..#########@#### ##.## ####
#.P# ..... #)# #.# #..
#.P##.._..##.# #.# #.#
#.P..........# ##'## #.#
#.PP.........# ##...## #.#
#.#...###...## ##.....###.#
#.#....#....## ##.......##.#
#.#.....PP...####............
#.##......P.....+............


You could see Ijyb.

Vanquished Creatures
  Jessica (D:2)
  Terence (D:3)
  3 adders (D:2)
  2 worms (D:2)
  A dart slug (D:2)
  An orc (D:3)
  3 ball pythons (D:2)
  4 bats
  3 endoplasms
  A giant cockroach (D:2)
  2 goblins (D:3)
  9 hobgoblins
  2 frilled lizards
  2 rats
35 creatures vanquished.

Notes
Turn   | Place    | Note
-------+----------+-------------------------------------------
     0 | D:1      | safid the Hill Orc Fighter began the quest for the Orb.
     0 | D:1      | Reached XP level 1. HP: 19/19 MP: 1/1
   363 | D:1      | Reached skill level 3 in Axes
   815 | D:1      | Reached XP level 2. HP: 26/26 MP: 2/2
  1310 | D:2      | Reached XP level 3. HP: 28/31 MP: 3/3
  1452 | D:2      | Reached skill level 4 in Axes
  1832 | D:2      | Reached XP level 4. HP: 39/39 MP: 4/4
  1862 | D:2      | Noticed Jessica
  1868 | D:2      | Killed Jessica
  1982 | D:3      | Noticed Terence
  1992 | D:3      | Killed Terence
  1993 | D:3      | Reached skill level 5 in Axes
  2237 | D:3      | Reached XP level 5. HP: 39/45 MP: 5/5
  2274 | D:3      | Found an ancient bone altar of Kikubaaqudgha.
  2436 | D:3      | Found a faded altar of an unknown god.
  2640 | D:3      | Noticed Ijyb
  2655 | D:3      | HP: 1/45 [Ijyb/puff of flame (6)]
  2658 | D:3      | Slain by Ijyb

Illustrated notes

Levels and vault maps discovered:
D:1:      roderic_chinese_lattice_arrival, layout_basic, moated_statue,
          minmay_tetromino_i4
D:2:      layout_basic, uniq_jessica
D:3:      layout_loops_corners, kiku_gazebo_garden_becter,
          chequers_ecumenical_altar_simple, minmay_box_of_dots, uniq_ijyb,
          uniq_terence, uniq_natasha

Skill      XL: |  1  2  3  4 |
---------------+-------------+-----
Axes           | 3 4 5 |  5.1
Shields        | 4 |  4.9
Fighting       | |  3.6
Armour         | |  3.2

Action                   |  1- 3 |  4- 6 || total
-------------------------+-------+-------++-------
Melee: War axe           |    61 |    47 ||   108
       Mace              |       |     5 ||     5
  Use: Potion            |       |     1 ||     1
Armor: Scale mail        |    24 |       ||    24
       Ring mail         |    12 |    23 ||    35
Dodge: Dodged            |    17 |    13 ||    30
Block: Kite shield       |    44 |    35 ||    79
